 Dungeon Crawl Stone Soup version 0.30.1-11-g7821555f0a (webtiles) character file.

Game seed: 3273458711022343197

116 booth the Chopper (level 4, -1/36 HPs)
             Began as a Demonspawn Monk on Nov 6, 2023.
             Slain by a hound (3 damage)
             ... on level 4 of the Dungeon.
             The game lasted 00:13:37 (2868 turns).

booth the Chopper (Demonspawn Monk)                 Turns: 2868, Time: 00:13:37

Health: -1/36      AC:  5    Str: 13    XL:     4   Next: 69%
Magic:  4/4        EV: 12    Int: 12    God:
Gold:   178        SH:  0    Dex: 15    Spells: 3/3 levels left

rFire   . . .        a - +0 hand axe
rCold   . . .        (no shield)
rNeg    . . .        k - +0 leather armour
rPois   .            (no helmet)
rElec   .            (no cloak)
rCorr   .            (no gloves)
SInv    +            (no boots)
Will    .....        (no amulet)
Stlth   +            n - ring of see invisible
HPRegen 0.26/turn    (no ring)
MPRegen 0.09/turn

%: no passive effects
@: no status effects
A: icy blue scales 1, weakness stinger 1
a: no special abilities


You were on level 4 of the Dungeon.
You visited 1 branch of the dungeon, and saw 4 of its levels.

You collected 178 gold pieces.

Inventory:

Hand Weapons
 a - a +0 hand axe (weapon)
 e - a +0 mace
Armour
 d - an orb of light
 k - a +0 leather armour (worn)
Jewellery
 f - an amulet of magic regeneration
 n - a ring of see invisible (left hand)
Scrolls
 g - a scroll of noise {unknown}
 h - a scroll of blinking {unknown}
 i - a scroll of torment
 l - a scroll of teleportation
Potions
 b - a potion of might {unknown}
 c - 2 potions of ambrosia
 j - 2 potions of mutation
 m - 3 potions of curing {unknown}
 o - 2 potions of invisibility


   Skills:
 + Level 3.6 Fighting
 * Level 3.7 Axes
 + Level 1.3 Throwing
 + Level 3.3 Dodging


You had 3 spell levels left.
You didn't know any spells.
Your spell library contained the following spells:

 Spells                   Type           Power      Damage    Failure   Level
 Sandblast                Erth           0%         2d4       38%         1
 Cigotuvi's Dreadful Rot  Necr/Pois/Air  0%         N/A       54%         2
 Passwall                 Tmut/Erth      0%         N/A       54%         2
 Sublimation of Blood     Necr           0%         N/A       54%         2
 Wereblood                Tmut           0%         N/A       54%         2
 Dazzling Flash           Conj/Hex       0%         N/A       77%         3
 Ignite Poison            Fire/Tmut/Pois 0%         N/A       77%         3
 Stone Arrow              Conj/Erth      0%         3d7       77%         3
 Volatile Blastmotes      Fire/Tloc      0%         2d10      77%         3
 Iskenderun's Mystic Bla  Conj/Tloc      0%         2d3       99%         4
 Freezing Cloud           Conj/Ice/Air   0%         6-21      100%        5
 Starburst                Conj/Fire      0%         6d3       100%        6
 Summon Hydra             Summ           0%         N/A       100%        7


Dungeon Overview and Level Annotations

Branches:
Dungeon (4/15)
 Temple: D:4-7

Altars:

Portals:
Abyss: D:3

Annotations:
D:3 2 transporters, Tang's ghost, amateur OgHW


Innate Abilities, Weirdness & Mutations

You are partially covered in icy blue scales. (AC +2)
You have a small tail.


Message History

You continue taking off your orb of light. x2
The gnoll sergeant shouts!
You hear a shout! x2
Keep disrobing? [Y]es or [N]o only, please.
Keep disrobing?
You hear a shout! x2
You continue taking off your orb of light.
The gnoll sergeant hits you from afar with a +2 spear of freezing!
The gnoll sergeant freezes you.
You continue taking off your orb of light.
The gnoll sergeant barely misses you.
You finish taking off your orb of light.
As you read the scroll of teleportation, it crumbles to dust.
You feel strangely unstable.
The gnoll sergeant hits you from afar with a +2 spear of freezing!
* * * LOW HITPOINT WARNING * * *
The gnoll sergeant freezes you.
* * * LOW HITPOINT WARNING * * *
A gnoll comes into view. It is wielding a +0 spear.
Your surroundings suddenly seem different.
A kobold and 2 hounds come into view.
Found 16 gold pieces.
Found a stone staircase leading up.
The hound barks! x2
Found 14 gold pieces and 3 stones.
The hound barely misses you. The hound attacks as you move away!
The hound bites you.
* * * LOW HITPOINT WARNING * * *
The hound pauses to sniff the ground.
The hound attacks as you move away! The hound bites you.
* * * LOW HITPOINT WARNING * * *
The hound barely misses you.
You miss the hound. The hound barely misses you.
The hound bites you but does no damage.
You barely miss the hound. You completely miss the hound.
The hound closely misses you. The hound bites you.
* * * LOW HITPOINT WARNING * * *
The hound closely misses you. The hound barely misses you.
You closely miss the hound.
Your tail-slap misses the hound.
You hit the hound but do no damage. The hound bites you.
You die...

..........#
..........# ######
..........# .....#
..........#####.....#
...................#
#.###.K.##.#.#.#....#
#........#........#
.........#.#h#$#..#
..........K.h@....#
...........#.#.#.##
.........#$......#
.................#
..........#.....##
......#.#.......#
...............#
.....#.#.(.....#
.....


You could see 2 hounds and a kobold.

Vanquished Creatures
  A hound (D:4)
  3 adders
  3 dart slugs
  An orc (D:3)
  3 ball pythons
  2 endoplasms
  A giant cockroach (D:3)
  6 goblins
  4 hobgoblins
  7 jackals
  2 quokkas
  7 bats
  A frilled lizard (D:2)
  A kobold (D:2)
  11 rats (D:2)
53 creatures vanquished.

Notes
Turn   | Place    | Note
-------+----------+-------------------------------------------
     0 | D:1      | booth the Demonspawn Monk began the quest for the Orb.
     0 | D:1      | Reached XP level 1. HP: 18/18 MP: 1/1
   206 | D:1      | Noticed a golden eye
   210 | D:1      | Noticed a great orb of eyes
   212 | D:1      | Found a faded altar of an unknown god.
   214 | D:1      | Noticed an eye of devastation
   215 | D:1      | Noticed a golden eye
   678 | D:1      | Gained mutation: You have a small tail. [demonic ancestry]
   678 | D:1      | Reached XP level 2. HP: 21/24 MP: 2/2
   999 | D:2      | Reached XP level 3. HP: 29/29 MP: 3/3
  1239 | D:2      | Reached skill level 1 in Throwing
  1853 | D:3      | Gained mutation: You are partially covered in icy blue
                  | scales. (AC +2) [demonic ancestry]
  1853 | D:3      | Reached XP level 4. HP: 32/35 MP: 4/4
  2168 | D:3      | Found a transporter.
  2170 | D:3      | Noticed a small abomination
  2171 | D:3      | Noticed a kobold brigand
  2180 | D:3      | Noticed Tang's ghost (amateur OgHW)
  2207 | D:3      | Noticed a small abomination
  2468 | D:3      | Found a transporter.
  2541 | D:3      | Found a one-way gate to the infinite horrors of the Abyss.
  2635 | D:3      | Noticed a small abomination
  2757 | D:4      | Noticed a gnoll sergeant
  2854 | D:4      | Noticed a scorpion
  2864 | D:4      | HP: 1/36 [hound (4)]
  2868 | D:4      | Slain by a hound

Illustrated notes

Levels and vault maps discovered:
D:1:      dpeg_arrival_tiny_d, layout_loops_corners,
          hellmonk_ecumenical_altar_watching_god
D:2:      minmay_general_purpose_star, layout_basic, minmay_rat_gold_closets
D:3:      layout_loops_corners, overflow_temple_1_default,
          gammafunk_ghost_abyssal_escape
D:4:      layout_rooms, tgw_sif, serial_glass, glass_columns_b, glass_columns_c,
          glass_columns_c, glass_columns_b, glass_columns_a

Skill      XL: |  1  2  3 |
---------------+----------+-----
Axes           | 3 |  3.7
Dodging        | 3 |  3.3
Throwing       | 1 |  1.3
Fighting       | |  3.6

Action                     |  1- 3 |  4- 6 || total
---------------------------+-------+-------++-------
  Melee: Hand axe          |   100 |    44 ||   144
         Tailslap          |    11 |     6 ||    17
    Use: Scroll            |     3 |     3 ||     6
         Potion            |     1 |     1 ||     2
 Armour: Robe              |     3 |       ||     3
         Leather armour    |    18 |    19 ||    37
  Dodge: Dodged            |    89 |    40 ||   129
